cohdb
Replays
Latest Replays
All Replays
Popular Replays
Top Player Replays
Match Explorer
How It Works
Community
CoH3 Stats
Reddit
Sign in to upload your games and track your stats! →
Sign in with Steam
Match 40756789
Unlisted
Match 40756789
Overview
Messages
Build Orders
End
Construct Barracks
Selects Heavy Weapons
Engineer Squad
Riflemen Squad
Riflemen Squad
Construct Medical Station
Riflemen Squad
Infantry Support Center
Construct Weapon Support Center
M1918 Browning Automatic Rifles
Construct Weapon Support Center
Bazooka Squad
Selects Assault Carriers
Selects Exchangeable Parts
M3 Assault Carrier
Advanced Logistics
Grenade Package
Improved M9 Bazooka Rockets
Engineer Squad
Engineer Squad
Bazooka Squad
M3 Assault Carrier
M1919 Machine Gun Team
Selects M26 Pershing Heavy Tank
M26 Pershing Heavy Tank
Bazooka Squad
Riflemen Squad
Survival Training
Selects M2HB .50cal Heavy Machine Gun
Selects Rapid Reposition
Engineer Squad
Engineer Squad
Construct Tank Depot
M4(105) Sherman Bulldozer
Selects Black Dragon Artillery Barrage
M26 Pershing Heavy Tank
M4A1 Sherman Medium Tank
MasterStef
tagilla
0
0
Comments
sign in to comment!
No comments posted yet!